 Dungeon Crawl Stone Soup version 0.31-a0-233-g139696dc86 (webtiles) character file.

Game seed: 9096878880108219373

238 qw the Shooter (level 6, -8/37 HPs)
             Began as a Gargoyle Hexslinger on July 7, 2023.
             Was an Initiate of Okawaru.
             Mangled by an ice beast (14 damage)
             ... on level 5 of the Dungeon.
             The game lasted 00:01:14 (3864 turns).

qw the Shooter (Gargoyle Hexslinger)                Turns: 3864, Time: 00:01:14

Health: -8/37      AC: 12    Str: 11    XL:     6   Next: 7%
Magic:  7/7        EV: 11    Int: 14    God:    Okawaru [......]
Gold:   233        SH:  0    Dex: 14    Spells: 6/7 levels left

rFire   . . .        Y - +2 sling
rCold   . . .        (no shield)
rNeg    + . .        c - +0 leather armour of Glamorous Intercession {Will+ Slay+3}
rPois   inf          (no helmet)
rElec   +            (no cloak)
rCorr   .            f - +0 pair of gloves
SInv    .            (no boots)
Will    +....        (no amulet)
Stlth   +            l - +4 ring of protection
HPRegen 0.26/turn    (no ring)
MPRegen 0.10/turn

%: no passive effects
@: about to teleport
A: sickness immunity, AC +4, negative energy resistance 1, electricity
resistance, torment resistance 1, petrification resistance
a: Renounce Religion


You were on level 5 of the Dungeon.
You worshipped Okawaru.
Okawaru was noncommittal.
You visited 2 branches of the dungeon, and saw 6 of its levels.

You collected 233 gold pieces.


Innate Abilities, Weirdness & Mutations

You are immune to sickness and miasma.
Your stone body is resilient. (AC +4)
You are immune to poison.
You resist negative energy. (rN+)
You are resistant to electric shocks. (rElec)
You are resistant to unholy torment.
You are immune to petrification.


   Skills:
 - Level 3.2 Fighting
 + Level 5.4 Ranged Weapons
 - Level 1.5 Dodging
 - Level 1.0 Spellcasting
 - Level 2.6 Hexes


You had 6 spell levels left.
You knew the following spells:

 Your Spells              Type           Power      Damage    Failure   Level
a - Slow                  Hex            32%        N/A       12%         1

Your spell library contained the following spells:

 Spells                   Type           Power      Damage    Failure   Level
 Inner Flame              Hex/Fire       4%         N/A       52%         3
 Portal Projectile        Hex/Tloc       8%         N/A       52%         3
 Cause Fear               Hex            4%         N/A       75%         4

Inventory:

Hand Weapons
 Y - a +2 sling (weapon)
Armour
 a - the +0 hat of Slovenliness {-Tele rElec rF++ Regen+}
   (You acquired it on level 2 of the Dungeon)

   rF:        It greatly protects you from fire.
   rElec:     It insulates you from electricity.
   -Tele:     It prevents most forms of teleportation.
   Regen:     It increases your rate of health regeneration.
 c - the +0 leather armour of Glamorous Intercession (worn) {Will+ Slay+3}
   (You found it on level 4 of the Dungeon)

   Slay:      It affects your accuracy & damage with ranged weapons and melee
   (+3).
   Will:      It increases your willpower.
 f - a +0 pair of gloves (worn)
Jewellery
 l - a +4 ring of protection (left hand)
Scrolls
 b - a scroll of identify
 m - a scroll of teleportation
Potions
 d - a potion of curing
 h - a potion of resistance

Dungeon Overview and Level Annotations

Branches:
Dungeon (5/15)             Temple (1/1) D:4

Altars:
Cheibriados
Elyvilon
Fedhas
Gozag
Hepliaklqana
Kikubaaqudgha
Makhleb
Okawaru
Qazlal
Sif Muna
Trog
Uskayaw
Vehumet
Wu Jian
Xom
Zin
The Shining One

Annotations:
D:2 exclusion: 4 gnolls
D:5 Sigmund


Message History

You hear a shout!
Sigmund the Dreaded comes into view.
He is wielding a +0 scythe and carrying a wand of flame (8).
You shoot a sling bullet. The sling bullet hits Sigmund.
Sigmund is moderately wounded.
You shoot a sling bullet. The sling bullet hits Sigmund.
Sigmund is moderately wounded.
Sigmund zaps a wand.
The puff of flame hits you.
You shoot a sling bullet.
The sling bullet closely misses Sigmund.
A wight comes into view. It is wielding a +0 war axe.
Sigmund zaps a wand.
The puff of flame hits you!
You shoot a sling bullet.
The sling bullet barely misses the ice beast.
A wight comes into view. It is wielding a +1 great sword.
Sigmund gestures at you while chanting. The puff of flame hits you.
You shoot a sling bullet. The sling bullet hits the ice beast.
The ice beast is lightly wounded.
The ice beast closely misses you.
Sigmund zaps a wand.
The puff of flame misses you.
The ice beast hits you but does no damage.
Sigmund casts a spell.
Sigmund flickers and vanishes!
Deactivating autopickup; reactivate with Ctrl-A.
A wight comes into view. It is wielding a +3 scimitar.
You shoot a sling bullet. The sling bullet hits the ice beast.
The ice beast is heavily wounded.
The ice beast barely misses you. The wight hits you with a +0 war axe!
You shoot a sling bullet. The sling bullet hits the ice beast!
The ice beast is severely wounded.
The wight barely misses you. The ice beast misses you.
The wight hits you with a +0 war axe.
The wight hits you with a +1 great sword.
Something hits you.
3864 ||| READING 2 scrolls of teleportation.
As you read the scroll of teleportation, it crumbles to dust.
You feel strangely unstable. The wight barely misses you.
The wight hits you but does no damage. x2
The ice beast hits you. The ice beast freezes you!
You die...

##. ###...#
#..####.#...+
...#.......###.
..............
#............
#........#..#
##.#.....#......
.......z........
#...##.z@Y......
. ####z..#...
#{.# .## . .. #.
##


You could see an ice beast and 3 wights.

Vanquished Creatures
  2 jellies
  A hound (D:4)
  An orc wizard (D:4)
  4 gnolls (D:2)
  2 adders (D:2)
  A worm (D:2)
  4 dart slugs
  2 orcs (D:4)
  5 endoplasms
  4 giant cockroaches
  4 goblins
  7 hobgoblins
  A quokka (D:2)
  3 ball pythons
  4 bats
  2 frilled lizards
  8 kobolds
  5 rats
60 creatures vanquished.

Notes
Turn   | Place    | Note
-------+----------+-------------------------------------------
     0 | D:1      | qw the Gargoyle Hexslinger began the quest for the Orb.
     0 | D:1      | Reached XP level 1. HP: 12/12 MP: 2/2
     0 | D:1      | 0 ||| qw: Version: 0.3-a-46-gb1f654a
     0 | D:1      | 0 ||| qw: Game counter: 3110
     0 | D:1      | 0 ||| qw: Melee chars always use a shield: true
     0 | D:1      | 0 ||| qw: God list: Okawaru
     0 | D:1      | 0 ||| qw: Allow faded altars: false
     0 | D:1      | 0 ||| qw: Do Orc after clearing Dungeon:15 true
     0 | D:1      | 0 ||| qw: Do second Lair branch before Depths: true
     0 | D:1      | 0 ||| qw: Lair rune preference: random
     0 | D:1      | 0 ||| qw: Goals: Normal
     0 | D:1      | 0 ||| PLANNING D:1-11
   483 | D:1      | Reached XP level 2. HP: 16/16 MP: 3/3
   824 | D:1      | 824 ||| UPGRADING to +0 pair of gloves.
   829 | D:1      | 829 ||| UPGRADING to +0 leather armour.
   839 | D:1      | 839 ||| DROPPING +0 robe.
   840 | D:1      | 840 ||| READING scroll labelled JUNUNO FAOCS.
   841 | D:1      | 841 ||| READING scroll labelled KOCEOT HYULAMO.
   842 | D:1      | 842 ||| READING scroll labelled DUORCHA ICIUC.
   845 | D:1      | 845 ||| DROPPING scroll of poison.
  1075 | D:2      | Reached skill level 3 in Ranged Weapons
  1091 | D:2      | HP: 4/16 [goblin/+0 dagger (2)]
  1092 | D:2      | 1092 ||| READING scroll of teleportation.
  1166 | D:2      | Reached XP level 3. HP: 21/21 MP: 4/4
  1508 | D:2      | 1508 ||| Stepping ~*~*~tactically~*~*~ (outnumbered).
  1512 | D:2      | Reached XP level 4. HP: 23/26 MP: 5/5
  1516 | D:2      | 1516 ||| READING scroll labelled NURAIT MUZXA.
  1520 | D:2      | 1520 ||| READING 2 scrolls labelled ZOUTOILAGA.
  1525 | D:2      | HP: 5/26 [gnoll/+0 spear (4)]
  1532 | D:2      | Reached skill level 4 in Ranged Weapons
  1532 | D:2      | HP: 6/26 [gnoll/+0 club (1)]
  1625 | D:2      | 1625 ||| READING scroll labelled FUELOZX UCUOCW.
  1625 | D:2      | Identified a scroll of acquirement
  1625 | D:2      | 1625 ||| ACQUIRING +0 hat of Slovenliness {-Tele rElec rF++
                  | Regen+}
  1625 | D:2      | Acquired the +0 hat of Slovenliness {-Tele rElec rF++
                  | Regen+}
  2137 | D:3      | Reached XP level 5. HP: 11/30 MP: 6/6
  2900 | D:3      | 2900 ||| UPGRADING to +4 ring of protection.
  2901 | D:3      | 2901 ||| READING scroll labelled FIAGHA JUNLUFEISCH.
  2902 | D:3      | 2902 ||| READING scroll labelled YVAOKHL QUVVIKUCRO.
  2925 | D:3      | 2925 ||| READING scroll labelled YCURER QIFA.
  2926 | D:3      | 2926 ||| READING scroll labelled NIWAKKA XUKLOG.
  2927 | D:3      | 2927 ||| READING 3 scrolls of identify.
  2927 | D:3      | 2927 ||| IDENTIFYING metallic amethyst potion
  2928 | D:3      | 2928 ||| READING 2 scrolls of identify.
  2928 | D:3      | 2928 ||| IDENTIFYING glowing sapphire potion
  2929 | D:3      | 2929 ||| DROPPING potion of ambrosia.
  2974 | D:4      | Reached skill level 5 in Ranged Weapons
  2989 | D:4      | 2989 ||| FLEEEEING.
  2990 | D:4      | 2990 ||| FLEEEEING.
  2991 | D:4      | 2991 ||| FLEEEEING.
  2992 | D:4      | 2992 ||| DRINKING potion of curing.
  2992 | D:4      | 2992 ||| (to cure confusion)
  3127 | D:4      | Reached skill level 3 in Fighting
  3127 | D:4      | Reached XP level 6. HP: 37/37 MP: 7/7
  3339 | D:4      | Found a staircase to the Ecumenical Temple.
  3340 | D:4      | 3340 ||| PLANNING TEMPLE
  3340 | D:4      | 3340 ||| READING scroll labelled NUUPICS DYNECW.
  3341 | D:4      | 3341 ||| READING 2 scrolls of identify.
  3341 | D:4      | 3341 ||| IDENTIFYING emerald potion
  3342 | D:4      | 3342 ||| DROPPING potion of attraction.
  3351 | Temple   | Entered the Ecumenical Temple
  3362 | Temple   | 3362 ||| PLANNING OKAWARU WORSHIP
  3530 | Temple   | Became a worshipper of Warmaster Okawaru
  3531 | Temple   | 3531 ||| PLANNING D:1-11
  3686 | D:4      | Identified the +0 leather armour of Glamorous Intercession
                  | {Will+ Slay+3}
  3825 | D:4      | 3825 ||| UPGRADING to +0 leather armour of Glamorous
                  | Intercession {Will+ Slay+3}.
  3835 | D:4      | 3835 ||| DROPPING +0 leather armour.
  3836 | D:4      | 3836 ||| READING 2 scrolls of identify.
  3836 | D:4      | 3836 ||| IDENTIFYING purple potion
  3854 | D:5      | Entered Level 5 of the Dungeon
  3855 | D:5      | Noticed an ice beast
  3856 | D:5      | Noticed Sigmund
  3863 | D:5      | HP: 8/37 [something (3)]
  3864 | D:5      | 3864 ||| READING 2 scrolls of teleportation.
  3864 | D:5      | Mangled by an ice beast

Levels and vault maps discovered:
D:1:      dpeg_arrival_tiny_g, layout_basic, serial_co_window_serial,
          co_window_paths_a, co_window_corner_a, co_window_paths_b,
          co_window_of_opportunity_a, co_window_paths_b,
          co_window_of_opportunity_a, co_window_of_opportunity_a,
          co_window_unsneaky_path_e, co_window_corner_cb, co_window_corner_b,
          co_window_2corner, co_window_paths_e, glass_columns_a,
          glass_columns_c, glass_columns_c
D:2:      layout_basic, chequers_serial_rivers_room_b
D:3:      layout_loops_ring, kennysheep_pointless_box,
          chequers_serial_rivers_large_a
D:4:      layout_gridville, minmay_temple_entry_antechambers
D:5:      layout_cave_pools, kennysheep_mini_moat, uniq_sigmund
Temple:   nicolae_temple_bog_church

Skill      XL: |  1  2  3  4  5 |
---------------+----------------+-----
Ranged Weapons | 3 4 5 |  5.4
Fighting       | 2 3 |  3.2
Dodging        | |  1.5
Spellcasting   | |  1.0
Hexes          | |  2.6

Action                     |  1- 3 |  4- 6 || total
---------------------------+-------+-------++-------
   Fire: Sling             |    66 |   138 ||   204
    Use: Scroll            |     4 |    13 ||    17
         Potion            |       |     1 ||     1
 Armour: Robe              |     1 |       ||     1
         Leather armour    |    12 |    20 ||    32
  Dodge: Dodged            |    31 |    40 ||    71

Table legend:
 A = Non-vault XP
 B = Vault XP
 C = Vault XP percentage of total XP
 D = Non-vault monster count
 E = Vault monster count
 F = Vault count percentage of total count
                 A         B        C        D         E       F
            +---------+---------+-------+---------+---------+-------
      Total |     341 |       0 |   0.0 |      60 |       0 |   0.0
            +---------+---------+-------+---------+---------+-------
        D:1 |      14 |       0 |   0.0 |       9 |       0 |   0.0
        D:2 |     113 |       0 |   0.0 |      21 |       0 |   0.0
        D:3 |      61 |       0 |   0.0 |      12 |       0 |   0.0
        D:4 |     153 |       0 |   0.0 |      18 |       0 |   0.0
            +---------+---------+-------+---------+---------+-------
